Map: Belladona EE

Players

MrFercho

  • Race: Zerg Zerg
  • League: Silver
  • Spawn Location: 5:00

xportperu - Winner!

  • Race: Protoss Protoss
  • League: Silver
  • Spawn Location: 11:00

VOD

Have the link to the VOD?

Description

Time

  • Played on: May 20, 2020, 12:01 a.m.
  • Length: 17:31
Show
View Real Time Build Order
Export as new Build Order

MrFercho Zerg 

Build Orders: Pool First, Muta Ling Bane 

Get SALT Encoding   

  12  0:01  Drone  
  13  0:13  Overlord  
  13  0:20  Drone  
  14  0:30  Extractor, Drone  
  14  0:31  Drone  
  15  0:37  Drone  
  16  0:45  Extractor  
  15  0:54  Spawning Pool, Drone  
  15  1:05  Drone  
  16  1:13  Drone  
  17  1:18  Drone  
  18  1:37  Hatchery  
  17  2:03  Queen  
  17  2:04  Metabolic Boost  
  17  2:07  Drone x3  
  22  2:31  Spine Crawler  
  21  2:56  Zergling x2  
  21  2:57  Zergling x6  
  25  3:18  Zergling x2  
  25  3:19  Zergling x4  
  28  3:24  Overlord x2  
  28  3:31  Evolution Chamber  
  23  4:13  Burrow  
  23  4:23  Lair  
  20  4:44  Zergling x12  
  26  5:07  Zergling x2  
  26  5:08  Zergling x10  
  32  5:27  Zerg Melee Weapons Level 1  
  32  5:33  Spire  
  19  6:16  Drone x4  
  23  6:18  Hatchery  
  22  6:33  Overseer  
  22  6:44  Spine Crawler  
  21  6:49  Mutalisk x6  
  33  6:59  Drone x3  
  36  7:21  Zerg Ground Armor Level 1  
  36  7:31  Mutalisk  
  36  7:32  Mutalisk  
  40  7:45  Zergling x16  
  48  7:55  Overlord  
  48  8:21  Baneling Nest  
  48  8:23  Zerg Flyer Weapons Level 1  
  47  8:42  Mutalisk  
  47  8:43  Mutalisk x2  
  29  9:25  Zergling x12  
  29  9:26  Zergling x18  
  29  9:30  Centrifical Hooks  
  44  9:58  Baneling x10  
  44  10:18  Baneling x4  
  44  10:31  Drone  
  44  10:32  Drone x6  
  34  11:39  Hatchery  
  34  11:40  Zergling x16  
  41  12:01  Extractor  
  40  12:02  Extractor  
  39  12:14  Baneling x12  
  39  12:15  Baneling  
  39  12:19  Baneling  
  39  12:20  Baneling  
  39  12:23  Baneling  
  39  12:46  Infestation Pit  
  30  13:05  Drone  
  30  13:06  Drone x5  
  30  13:12  Drone x2  
  38  13:28  Hive  
  38  13:38  Mutalisk  
  40  13:50  Drone x3  
  39  14:31  Overlord x2  
  39  14:37  Corruptor x5  
  49  14:58  Corruptor x4  
  57  15:04  Greater Spire  
  57  15:26  Hatchery  
  56  15:56  Extractor  
  55  15:57  Extractor  
  30  16:22  Overseer  
  30  16:27  Overseer  
  30  16:44  Brood Lord x3  
  36  17:00  Mutalisk  
  36  17:02  Zergling x2  
  36  17:03  Zergling x18  
Show
View Real Time Build Order
Export as new Build Order

xportperu Protoss - Winner!

Build Orders:  

Get SALT Encoding   

  12  0:02  Probe (Chrono Boost)  
  13  0:11  Probe (Chrono Boost)  
  14  0:18  Pylon  
  14  0:20  Probe  
  15  0:36  Probe  
  15  0:39  Gateway  
  16  0:47  Assimilator  
  16  0:48  Probe  
  17  1:01  Probe  
  18  1:11  Pylon  
  18  1:13  Probe  
  18  1:16  Assimilator  
  19  1:25  Probe  
  20  1:29  Cybernetics Core  
  20  1:35  Pylon  
  20  1:39  Gateway, Probe  
  21  1:50  Zealot  
  21  1:51  Probe  
  24  2:03  Probe  
  25  2:11  Warp Gate (Chrono Boost)  
  25  2:17  Zealot  
  27  2:31  Twilight Council, Probe  
  27  2:36  Zealot  
  30  2:37  Gateway  
  30  2:38  Pylon  
  30  2:48  Adept  
  32  2:55  Pylon  
  32  3:08  Charge  
  32  3:20  Zealot x2  
  36  3:36  Nexus  
  36  3:48  Pylon  
  33  4:02  Zealot  
  26  4:28  Probe  
  25  4:42  Probe (Chrono Boost)  
  26  4:48  Probe (Chrono Boost)  
  28  4:55  Adept  
  28  4:58  Probe x2 (Chrono Boost)  
  31  5:05  Probe (Chrono Boost)  
  33  5:08  Probe (Chrono Boost)  
  33  5:13  Probe (Chrono Boost)  
  34  5:16  Probe (Chrono Boost)  
  34  5:17  Adept  
  37  5:27  Zealot  
  39  5:33  Probe (Chrono Boost)  
  40  5:40  Probe (Chrono Boost)  
  43  5:50  Probe x2 (Chrono Boost)  
  43  5:56  Stalker  
  45  5:57  Zealot  
  47  6:10  Probe (Chrono Boost)  
  48  6:14  Adept  
  50  6:20  Probe (Chrono Boost)  
  51  6:27  Assimilator, Probe (Chrono Boost)  
  51  6:28  Probe (Chrono Boost)  
  53  6:38  Probe (Chrono Boost)  
  55  6:43  Probe (Chrono Boost)  
  55  6:46  Probe (Chrono Boost)  
  56  6:50  Stalker  
  56  6:51  Probe (Chrono Boost)  
  56  6:52  Probe (Chrono Boost), Zealot  
  62  7:01  Probe (Chrono Boost)  
  63  7:03  Blink  
  63  7:08  Probe (Chrono Boost)  
  65  7:09  Probe (Chrono Boost)  
  65  7:15  Probe  
  65  7:18  Probe  
  67  7:27  Pylon, Probe  
  67  7:29  Gateway  
  68  7:31  Gateway  
  68  7:37  Pylon  
  68  7:39  Probe  
  68  7:40  Pylon  
  69  8:00  Dark Shrine  
  69  8:06  Nexus  
  69  8:07  Stalker x2  
  69  8:08  Stalker  
  75  8:21  Pylon  
  75  8:26  Stalker x2  
  79  8:32  Stalker x2  
  79  8:33  Stalker  
  85  8:41  Probe  
  86  8:42  Assimilator  
  86  8:49  Pylon  
  86  8:53  Probe  
  86  8:59  Stalker  
  86  9:00  Stalker  
  86  9:01  Stalker  
  86  9:05  Probe  
  85  9:31  Assimilator, Probe (Chrono Boost)  
  86  9:41  Probe (Chrono Boost)  
  86  9:43  Forge  
  87  9:46  Probe (Chrono Boost)  
  88  9:53  Forge  
  88  9:55  Forge  
  88  9:57  Shadow Stride (Chrono Boost), Probe  
  89  10:01  Stargate  
  89  10:04  Stalker  
  89  10:05  Stalker  
  93  10:07  Zealot x2  
  93  10:08  Zealot  
  93  10:09  Probe  
  100  10:21  Probe  
  100  10:28  Pylon  
  101  10:33  Probe  
  102  10:36  Pylon  
  102  10:39  Pylon  
  102  10:45  Stalker x2  
  102  10:46  Probe (Chrono Boost), Zealot  
  102  10:47  Dark Templar, Zealot  
  102  10:48  Pylon  
  96  10:58  Probe (Chrono Boost)  
  96  11:03  Probe (Chrono Boost)  
  97  11:08  Dark Templar  
  97  11:09  Dark Templar, Zealot  
  97  11:10  Zealot  
  105  11:12  Probe  
  106  11:24  Protoss Ground Armor Level 1 (Chrono Boost), Probe, Protoss Shields Level 1 (Chrono Boost), Protoss Ground Weapons Level 1 (Chrono Boost)  
  107  11:30  Phoenix  
  109  11:34  Stargate  
  109  11:39  Probe (Chrono Boost)  
  110  11:43  Assimilator  
  110  11:51  Probe (Chrono Boost)  
  111  11:55  Phoenix  
  111  11:56  Probe (Chrono Boost)  
  114  12:06  Probe  
  115  12:09  Nexus  
  115  12:13  Pylon  
  115  12:15  Stargate  
  115  12:17  Stargate  
  115  12:18  Probe  
  115  12:20  Phoenix  
  118  12:35  Cybernetics Core  
  118  12:37  Gateway  
  118  12:38  Zealot  
  118  12:39  Zealot  
  118  12:40  Stalker  
  118  12:41  Stalker  
  118  12:42  Dark Templar  
  128  12:45  Pylon  
  128  12:47  Gateway  
  128  12:49  Gateway, Phoenix  
  134  12:53  Phoenix  
  134  12:54  Gateway  
  134  12:56  Gateway  
  118  13:05  Photon Cannon  
  118  13:07  Photon Cannon  
  118  13:08  Photon Cannon  
  118  13:14  Probe, Phoenix  
  118  13:18  Phoenix  
  123  13:21  Phoenix x2  
  123  13:26  Probe  
  128  13:27  Protoss Shields Level 2 (Chrono Boost), Protoss Ground Armor Level 2 (Chrono Boost), Protoss Ground Weapons Level 2 (Chrono Boost)  
  128  13:38  Probe  
  128  13:39  Phoenix  
  131  13:50  Phoenix x3  
  137  14:30  Protoss Air Weapons Level 1 (Chrono Boost), Protoss Air Armor Level 1 (Chrono Boost)  
  137  14:34  Phoenix  
  137  14:35  Phoenix x3  
  145  14:47  Zealot  
  145  14:48  Zealot  
  145  14:49  Dark Templar, Zealot  
  145  14:50  Dark Templar x2  
  145  14:51  Dark Templar  
  145  14:52  Dark Templar  
  161  15:15  Assimilator  
  161  15:17  Assimilator  
  161  15:18  Probe (Chrono Boost)  
  162  15:24  Phoenix x4  
  162  15:28  Probe (Chrono Boost)  
  171  15:33  Probe (Chrono Boost)  
  172  16:00  Phoenix x4  
Tags
 
Composition
Muta Ling Bane
Matchup
PvZ
Opening
Pool First
Replay Pack
MrFercho
Spawn Locations
Cross Positions
Add a new tag
Caveats
  • Supply blocks, unpowered buildings, or Contaminate may cause inaccurate times.
  • Supply counts are checked every 10 seconds.